 Dungeon Crawl Stone Soup version 0.21.1-1-g345015f (webtiles) character file.

1265 poirepourri the Fighter (level 8, -4/74 HPs)
             Began as a Minotaur Fighter on July 11, 2018.
             Was a Follower of Makhleb.
             Killed from afar by an electric eel (7 damage)
             ... with a bolt of electricity
             ... on level 6 of the Dungeon.
             The game lasted 00:04:52 (3845 turns).

poirepourri the Fighter (Minotaur Fighter)          Turns: 3845, Time: 00:04:53

Health: -4/74      AC:  8    Str: 26    XL:     8   Next: 27%
Magic:  7/7        EV:  8    Int:  5    God:    Makhleb [*.....]
Gold:   275        SH: 14    Dex: 13    Spells: 7/7 levels left

rFire    . . .     SeeInvis .   a - +1 war axe
rCold    . . .     Gourm    .   c - +3 shield
rNeg     . . .     Faith    .   g - +0 scale mail
rPois    .         Spirit   .   (helmet restricted)
rElec    .         Reflect  .   j - +0 cloak
rCorr    .         Harm     .   (no gloves)
MR       .....                  (no boots)
Stlth    ..........             (no amulet)
HPRegen  0.22/turn              l - +6 ring of strength
MPRegen  0.10/turn              (no ring)

@: very slow
A: retaliatory headbutt, horns 2
a: Renounce Religion


You were on level 6 of the Dungeon.
You worshipped Makhleb.
Makhleb was aware of your devotion.
You were not hungry.

You visited 1 branch of the dungeon, and saw 6 of its levels.
You also visited: Sewer.

You collected 275 gold pieces.

Inventory:

Hand Weapons
 a - a +1 war axe (weapon)
 b - a +0 morningstar of protection
Missiles
 o - 47 bolts
Armour
 c - a +3 shield (worn)
 g - a +0 scale mail (worn)
 j - a +0 cloak (worn)
Jewellery
 l - a +6 ring of strength (left hand)
Scrolls
 h - 5 scrolls of teleportation
 k - 4 scrolls of remove curse
 m - a scroll of fog {unknown}
 r - 3 scrolls of identify
 s - a scroll of blinking {unknown}
Potions
 d - a potion of ambrosia
 e - 8 potions of curing
 i - 2 potions of agility {unknown}
 n - 6 potions of flight {unknown}
 p - a potion of degeneration {unknown}
 q - 2 potions of haste {unknown}
Comestibles
 f - 11 rations


   Skills:
 - Level 8.1 Fighting
 - Level 8.0 Axes
 - Level 3.6 Armour
 + Level 6.7 Shields


You had 7 spell levels left.
You didn't know any spells.

Dungeon Overview and Level Annotations

Branches:
Dungeon (6/15)
 Temple: D:4-7

Altars:
Makhleb
Trog
Xom


Innate Abilities, Weirdness & Mutations

You reflexively headbutt those who attack you in melee.
You have a pair of horns on your head.


Message History

The electric eel shoots out a bolt of lightning at you!
The bolt of electricity hits the plant.
The bolt of electricity hits you!
The electric eel shoots out a bolt of lightning at you!
The bolt of electricity hits the plant.
The bolt of electricity hits you!
The electric eel shoots out a bolt of lightning at you!
The bolt of electricity hits you! x2
* * * LOW HITPOINT WARNING * * *
The bolt of electricity hits the plant.
You enter the shallow water.
Moving in this stuff is going to be slow.
The electric eel shoots out a bolt of lightning at you!
The bolt of electricity hits you!
* * * LOW HITPOINT WARNING * * *
The bolt of electricity hits you!
* * * LOW HITPOINT WARNING * * *
The bolt of electricity hits the electric eel.
The electric eel completely resists.
The electric eel shoots out a bolt of lightning at you!
The bolt of electricity hits you!
You die...

#....≈♣P≈≈≈≈≈≈≈≈≈≈≈P≈≈≈
#...≈♣P≈≈P≈P≈≈≈≈≈≈≈≈≈≈≈
#..≈♣≈≈≈≈≈≈≈≈≈≈≈≈≈≈≈≈≈P
#.♣≈P≈P≈≈≈≈≈≈≈≈≈≈≈≈≈≈≈≈
#.≈♣≈♣≈≈≈≈≈≈≈≈≈≈≈≈≈≈≈≈
#.♣≈≈≈≈♣≈P≈≈≈≈≈≈≈≈≈≈≈≈
#..≈♣≈P≈≈≈≈≈≈≈≈≈≈≈≈≈≈≈
#...≈≈P;P≈≈≈≈≈
###...@♣♣≈♣≈P ###..♣
##...♣ ###.... ####


You could see an electric eel.

Vanquished Creatures
  Sigmund (D:3)
  A water moccasin (D:6)
  2 centaurs (D:5)
  3 howler monkeys
  A bullfrog zombie (D:5)
  A crimson imp (D:5)
  A bullfrog skeleton (D:4)
  A jelly (D:5)
  2 orc priests
  6 orc wizards
  Natasha (thrice) (D:4)
  A centaur skeleton (D:5)
  An iguana (D:5)
  A hound zombie (D:5)
  4 adders (D:3)
  5 oozes
  An adder skeleton (D:4)
  2 worms
  4 dart slugs
  5 leopard geckos
  30 orcs
  5 ball pythons
  16 giant cockroaches
  7 goblins
  6 hobgoblins
  18 jackals
  2 quokkas
  16 bats
  10 frilled lizards
  A jackal skeleton (D:5)
  5 kobolds
  A leopard gecko skeleton (D:4)
  A quokka zombie (D:5)
  7 rats
  A plant (D:6)
172 creatures vanquished.

Notes
Turn   | Place    | Note
-------+----------+-------------------------------------------
     0 | D:1      | poirepourri the Minotaur Fighter began the quest for the Orb.
     0 | D:1      | Reached XP level 1. HP: 19/19 MP: 0/0
   114 | D:1      | Reached XP level 2. HP: 24/26 MP: 1/1
   286 | D:1      | Reached XP level 3. HP: 31/31 MP: 2/2
   971 | D:2      | Reached skill level 5 in Axes
  1091 | D:2      | Found a faded altar of an unknown god.
  1268 | D:2      | Reached XP level 4. HP: 39/39 MP: 3/3
  1511 | D:3      | Found a shimmering altar of Xom.
  1591 | D:3      | Noticed Sigmund
  1599 | D:3      | Killed Sigmund
  1599 | D:3      | Reached XP level 5. HP: 45/45 MP: 4/4
  1744 | D:3      | Reached XP level 6. HP: 51/51 MP: 5/5
  2040 | D:4      | Found a bloodstained altar of Trog.
  2120 | D:4      | Noticed Natasha
  2125 | D:4      | Killed Natasha
  2125 | D:4      | Reached skill level 5 in Fighting
  2143 | D:4      | Reached XP level 7. HP: 24/62 MP: 6/6
  2158 | D:4      | Noticed Natasha
  2165 | D:4      | Killed Natasha
  2271 | D:4      | Noticed Natasha
  2278 | D:4      | Killed Natasha
  2705 | D:5      | Entered Level 5 of the Dungeon
  2910 | D:5      | Reached XP level 8. HP: 39/74 MP: 7/7
  2920 | D:5      | Reached skill level 5 in Shields
  2982 | D:5      | Found a burning altar of Makhleb.
  3109 | D:5      | Became a worshipper of Makhleb the Destroyer
  3316 | D:5      | Found a glowing drain.
  3339 | Sewer    | Entered a sewer
  3502 | Sewer    | Reached * piety under Makhleb
  3845 | D:6      | HP: 3/74 [electric eel/bolt of electricity (7)]
  3845 | D:6      | Killed from afar by an electric eel

Skill      XL: |  1  2  3  4  5  6  7  8 |
---------------+-------------------------+-----
Axes           | 3 4 5 7 8 |  8.0
Fighting       | 5 8 |  8.1
Shields        | 4 6 |  6.7
Armour         | |  3.6

Action                   |  1- 3 |  4- 6 |  7- 9 || total
-------------------------+-------+-------+-------++-------
Melee: War axe           |    67 |   105 |   163 ||   335
       Headbutt          |     7 |    25 |    29 ||    61
  Use: Scroll            |    10 |     2 |     2 ||    14
       Potion            |       |     1 |     2 ||     3
  Eat: Ration            |     1 |     1 |     1 ||     3
Armor: Scale mail        |    47 |    40 |    63 ||   150
Dodge: Dodged            |    32 |    30 |    50 ||   112
Block: Shield            |    65 |    98 |   137 ||   300
